Map: Abiogenesis LE

Players

Infamous - Winner!

  • Race: Terran Terran
  • League: Silver
  • Spawn Location: 11:00

RedPyro

  • Race: Terran Terran
  • Spawn Location: 5:00

VOD

Have the link to the VOD?

Description

Time

  • Played on: March 17, 2018, 5:22 p.m.
  • Length: 17:50
Show
View Real Time Build Order
Export as new Build Order

Infamous Terran - Winner!

Build Orders:  

Get SALT Encoding   

  12  0:02  SCV  
  14  0:14  SCV  
  14  0:27  Supply Depot, SCV  
  15  0:48  SCV  
  16  0:57  Barracks  
  16  1:00  Supply Depot  
  16  1:01  SCV  
  17  1:14  SCV  
  17  1:18  Refinery  
  18  1:26  SCV  
  19  1:38  SCV  
  20  1:46  Marine  
  21  1:50  SCV  
  22  2:02  SCV  
  23  2:15  SCV, Refinery  
  24  2:22  Command Center  
  24  2:27  SCV  
  24  2:39  SCV  
  24  2:44  Marine  
  26  2:48  Factory  
  26  2:51  SCV  
  27  3:01  Marine  
  28  3:06  Barracks  
  28  3:14  SCV  
  30  3:34  Barracks Reactor, SCV  
  30  3:57  SCV  
  31  4:03  Factory Tech Lab  
  31  4:09  Barracks  
  31  4:10  Barracks Reactor  
  31  4:15  SCV  
  31  4:16  Starport  
  32  4:19  Marine  
  32  4:23  Cyclone  
  36  4:27  SCV  
  36  4:29  SCV  
  38  4:42  SCV  
  38  4:43  SCV  
  40  4:58  Orbital Command  
  40  5:00  Orbital Command  
  40  5:26  Marine  
  40  5:28  Siege Tank  
  44  5:31  Marine  
  45  5:47  Supply Depot  
  45  5:49  SCV  
  46  6:08  Marine x2, Barracks Tech Lab, SCV, Cyclone, Viking  
  46  6:09  Supply Depot  
  54  6:16  Factory  
  54  6:32  Supply Depot  
  54  6:37  SCV x2  
  54  6:38  Medivac  
  58  6:40  Siege Tank  
  63  6:54  Marauder  
  63  6:58  Marine  
  63  6:59  Marine x2  
  63  7:00  Marine  
  67  7:08  Medivac  
  69  7:26  SCV  
  70  7:30  Refinery  
  70  7:38  Supply Depot  
  70  7:57  Refinery  
  70  8:00  SCV, Marauder, Cyclone  
  70  8:01  Supply Depot  
  76  8:05  Starport Reactor  
  76  8:23  Supply Depot  
  76  8:30  Stimpack  
  76  8:32  Siege Tank  
  79  8:37  Engineering Bay  
  79  8:41  Engineering Bay  
  79  8:44  SCV  
  79  8:47  Supply Depot  
  80  8:56  SCV  
  81  9:04  Siege Tank  
  81  9:09  Marine x2  
  85  9:10  Marine x3  
  89  9:27  Marine, Factory Tech Lab  
  90  9:36  Siege Tank  
  65  10:24  Marine x4  
  65  10:25  Marine  
  70  10:29  Siege Tank x2  
  70  10:30  Medivac  
  70  10:35  Terran Infantry Weapons Level 1, Terran Infantry Armor Level 1  
  78  10:42  Marine x2  
  80  10:44  Marauder  
  82  11:01  Barracks  
  82  11:05  Marauder  
  82  11:07  Starport  
  84  11:26  Marauder  
  65  12:36  Marine x4  
  65  12:37  Marine  
  69  12:40  Siege Tank x2  
  69  12:42  Medivac  
  78  12:46  Medivac  
  78  12:50  Starport Tech Lab  
  80  12:52  SCV  
  80  12:54  Marine  
  80  12:55  Marauder  
  84  13:04  SCV  
  85  13:16  Command Center, Marauder  
  85  13:18  SCV  
  85  13:19  SCV  
  89  13:30  Supply Depot  
  89  13:32  Command Center  
  89  13:39  Barracks Tech Lab  
  89  13:44  Combat Shields  
  89  13:53  Supply Depot  
  89  14:17  Supply Depot  
  89  14:33  Bunker  
  89  14:38  Marine  
  89  14:39  Marine x4  
  89  14:40  Marine  
  89  14:42  Siege Tank x2  
  89  14:43  Medivac x2  
  89  14:44  Medivac  
  107  14:54  Armory  
  107  14:56  Marine  
  108  15:04  Fusion Core  
  106  16:30  Marine  
  106  16:31  Marine x4  
  106  16:32  Marauder  
  113  16:36  Widow Mine  
  113  16:38  Thor  
  121  16:49  Marauder  
  121  16:54  Marauder  
  125  16:57  Thor  
Show
View Real Time Build Order
Export as new Build Order

RedPyro Terran 

Build Orders:  

Get SALT Encoding   

  12  0:13  SCV  
  13  0:14  Supply Depot  
  13  0:25  SCV  
  14  0:37  SCV  
  15  0:43  Supply Depot  
  15  0:49  SCV  
  16  1:11  Barracks  
  16  1:25  Refinery  
  16  2:11  Marine  
  17  2:29  Marine  
  18  2:47  Marine  
  19  2:54  SCV  
  20  3:05  Marine  
  21  3:06  SCV  
  22  3:18  SCV  
  23  3:22  Marine, Factory  
  24  3:30  SCV  
  25  3:40  Marine  
  26  3:58  Marine  
  27  4:16  Marine  
  28  4:21  Bunker  
  28  4:27  Factory Tech Lab  
  28  4:34  Marine  
  28  4:37  Refinery  
  29  4:52  Marine  
  30  5:01  Command Center  
  30  5:08  SCV  
  31  5:23  Supply Depot  
  31  5:44  Marine  
  31  5:45  Siege Tank, SCV  
  36  5:54  Supply Depot  
  36  5:57  SCV  
  36  6:00  Supply Depot  
  36  6:02  Marine  
  37  6:17  Siege Tank  
  40  6:20  Marine  
  40  6:22  SCV  
  42  6:38  Marine  
  43  6:40  SCV  
  44  6:49  Siege Tank, Refinery  
  44  6:52  SCV  
  48  6:56  Marine  
  49  7:04  SCV  
  49  7:07  Barracks  
  50  7:14  SCV  
  51  7:16  SCV  
  51  7:21  Siege Tank  
  55  7:26  SCV  
  55  7:28  SCV  
  57  7:38  SCV  
  58  8:12  Armory  
  58  8:20  Supply Depot  
  58  8:23  SCV  
  59  8:35  SCV  
  60  8:47  SCV  
  61  8:59  SCV  
  62  9:11  SCV  
  62  9:16  Terran Vehicle And Ship Armor Level 1  
  63  9:17  Command Center  
  63  9:32  Barracks  
  45  10:05  Marine  
  43  10:22  Marine  
  44  10:40  Marine  
  45  10:51  Cyclone  
  48  10:58  Marine x2  
  48  11:00  Marine  
  51  11:12  SCV  
  51  11:16  Marine x2  
  51  11:18  Marine  
  55  11:24  Siege Tank, SCV  
  59  11:27  Orbital Command  
  59  11:33  Marine  
  59  11:34  Marine  
  59  11:35  Marine  
  59  11:36  SCV  
  63  11:48  SCV  
  63  11:49  Starport  
  63  11:51  Marine  
  63  11:52  Marine  
  63  11:53  Marine  
  67  11:56  Siege Tank  
  67  12:00  SCV  
  71  12:04  Command Center  
  70  12:09  Marine x2  
  70  12:11  Marine  
  45  12:28  Siege Tank  
  48  12:42  Supply Depot  
  48  13:00  Siege Tank  
  51  13:32  Hellion  
  53  13:47  Bunker  
  53  13:54  Hellion  
  55  14:15  Hellion  
  49  16:23  Marine  
  50  16:26  Marine  
  50  16:28  Marine  
  52  16:41  Marine  
  52  16:44  Marine  
  52  16:45  Marine  
  55  16:49  Hellion  
  57  16:59  Marine  
  58  17:01  Marine  
  58  17:03  Marine  
  58  17:05  Factory  
  57  17:11  Hellion  
  57  17:17  Marine  
  57  17:19  Marine  
  57  17:21  Marine  
Tags
 
League
Silver
Matchup
TvT
Race
Terran
Replay Pack
Last Remnant (2)
Spawn Locations
Cross Positions
Add a new tag
Caveats
  • Supply blocks, unpowered buildings, or Contaminate may cause inaccurate times.
  • Supply counts are checked every 10 seconds.